 Dungeon Crawl Stone Soup version 0.31.0-11-ge490571c62 (webtiles) character file.

Game seed: 16716595204361783680

60 browni3141 the Covered (level 3, 0/33 HPs)
             Began as a Minotaur Fighter on Jan 27, 2024.
             Slain by an iguana (5 damage)
             ... on level 4 of the Dungeon.
             The game lasted 00:00:36 (517 turns).

browni3141 the Covered (Minotaur Fighter)            Turns: 517, Time: 00:00:37

Health: 0/33       AC:  8    Str: 22    XL:     3   Next: 80%
Magic:  2/2        EV:  9    Int:  5    God:
Gold:   24         SH:  4    Dex:  9    Spells: 2/2 levels left

rFire   . . .        a - +0 war axe
rCold   . . .        c - +0 buckler
rNeg    . . .        b - +0 scale mail
rPois   .            (helmet restricted)
rElec   .            (no cloak)
rCorr   .            (no gloves)
SInv    .            i - +0 pair of boots
Will    .....        (no amulet) Stlth
                     (no ring)
HPRegen 0.25/turn    (no ring)
MPRegen 0.08/turn

%: no passive effects
@: mighty
A: horns 2, retaliatory headbutt
a: no special abilities


You were on level 4 of the Dungeon.
You visited 1 branch of the dungeon, and saw 4 of its levels.

You collected 24 gold pieces.

Inventory:

Hand Weapons
 a - a +0 war axe (weapon)
Armour
 b - a +0 scale mail (worn)
 c - a +0 buckler (worn)
 i - a +0 pair of boots (worn)
Jewellery
 e - a ring of ice
Scrolls
 g - a scroll of acquirement {unknown}
 h - a scroll of teleportation {unknown}
 j - a scroll of enchant armour {unknown}
 l - a scroll of amnesia {unknown}
 m - a scroll of identify {unknown}
Potions
 f - a potion of degeneration {unknown}
 k - 3 potions of attraction {unknown}


   Skills:
 + Level 4.1 Fighting
 * Level 3.7 Axes
 + Level 4.2 Armour
 + Level 4.1 Shields


You had 2 spell levels left.
You didn't know any spells.
Your spell library was empty.

Dungeon Overview and Level Annotations

Branches:
Dungeon (4/15)
 Temple: D:4-7

Altars:


Innate Abilities, Weirdness & Mutations

You have a pair of horns on your head.
You reflexively headbutt those who attack you in melee.


Message History

The goblin shoots a sling bullet.
The sling bullet barely misses you.
A goblin is nearby!
A goblin is nearby!
A goblin is nearby!
The goblin shoots a sling bullet.
The sling bullet barely misses you.
The goblin shoots a sling bullet.
The sling bullet barely misses you.
The goblin unwields a +0 sling.
The goblin wields a +0 dagger.
The goblin hits you with a +0 dagger.
You slash the goblin!
You kill the goblin!
A goblin comes into view. It is wielding a +0 club.
The goblin shouts!
The goblin barely misses you.
Things that are here:
a +0 dagger; a +0 sling You slash the goblin!
You kill the goblin!
Found a stone staircase leading down.
Things that are here:
a +0 club; a goblin corpse
There is a stone staircase leading down here.
An endoplasm comes into view.
The endoplasm quivers.
An endoplasm is nearby!
You slash the endoplasm!
You kill the endoplasm!
No target in view!
No target in view!
There is a stone staircase leading down here.
You climb downwards.
Found 5 stones.
Found two stone staircases leading up.
There is a stone staircase leading up here.
An orc comes into view. It is wielding a +0 club.
The orc shouts!
You hear a shout!
An orc is nearby!
An orc is nearby!
An orc is nearby!
An orc comes into view. It is wielding a +0 falchion.
The orc shouts!
An orc comes into view. It is wielding a +0 dagger.
An endoplasm comes into view.
You block the orc's attack.
You barely miss the orc. You headbutt the orc!
You kill the orc!
You slash the orc!
You kill the orc!
A scorpion comes into view.
An orc comes into view. It is wielding a +0 club.
A goblin comes into view. It is wielding a +0 dagger.
An orc and an iguana come into view.
The orc shouts!
The iguana hisses angrily.
The goblin shouts!
You hear a shout!
An orc comes into view. It is wielding a +0 hand axe.
Items here: )) [[.
You barely miss the orc. Your headbutt misses the orc.
The orc hits you but does no damage. The orc barely misses you.
The endoplasm freezes you.
You are frozen.
You barely miss the orc. You hit the endoplasm but do no damage.
You hit the scorpion but do no damage. The scorpion stings you.
The scorpion stings you but does no damage.
The orc closely misses you. The endoplasm freezes you.
You are frozen.
You hit the scorpion. You headbutt the scorpion.
The scorpion is moderately wounded.
You hit the orc. You slash the endoplasm!
You kill the endoplasm!
The scorpion stings you but does no damage.
The orc hits you with a +0 dagger. The scorpion barely misses you.
You slash the orc!
You kill the orc!
You hit the goblin.
You kill the goblin!
You barely miss the scorpion. The scorpion barely misses you.
The orc barely misses you. You furiously retaliate!
You headbutt the orc!
You kill the orc!
The orc closely misses you. You block the iguana's attack.
You slash the scorpion!
The scorpion is severely wounded.
You barely miss the iguana. You closely miss the orc.
The scorpion stings you but does no damage. x2
The iguana bites you! You block the orc's attack.
You hit the scorpion but do no damage. You headbutt the scorpion.
The scorpion is almost dead.
You barely miss the orc. You slash the iguana! You closely miss the orc.
The scorpion stings you. The orc hits you but does no damage.
The iguana bites you. The orc hits you but does no damage.
The scorpion completely misses you.
You feel very mighty all of a sudden. The orc barely misses you.
You block the orc's attack. The iguana closely misses you.
The scorpion barely misses you.
You hit the scorpion but do no damage.
The scorpion is almost dead.
You slash the orc!
You kill the orc!
You barely miss the orc. You completely miss the iguana.
The orc closely misses you. You furiously retaliate!
You headbutt the orc!!
You kill the orc!
The iguana bites you.
You die...

.#. ..#
...####.#
........#
.......<###
...<......#
##.(....#..#
#.......##.###
...##....#...#
## #.#@).##..
#.)ls.# #.#
##........#
#..(......
#........#
.........#
.........#
...........


You could see a scorpion and an iguana.

Vanquished Creatures
  2 adders
  A dart slug (D:2)
  6 orcs (D:4)
  2 bats (D:1)
  7 endoplasms
  A giant cockroach (D:3)
  4 goblins
  A hobgoblin (D:2)
  2 quokkas
  3 ball pythons
  A kobold (D:1)
  4 rats
34 creatures vanquished.

Notes
Turn   | Place    | Note
-------+----------+-------------------------------------------
     0 | D:1      | browni3141 the Minotaur Fighter began the quest for the
                  | Orb.
     0 | D:1      | Reached XP level 1. HP: 19/19 MP: 0/0
   222 | D:2      | Reached XP level 2. HP: 27/27 MP: 1/1
   379 | D:2      | Reached XP level 3. HP: 30/33 MP: 2/2
   508 | D:4      | Noticed a scorpion
   517 | D:4      | Slain by an iguana

Illustrated notes

Levels and vault maps discovered:
D:1:      kennysheep_arrival_forest, layout_basic
D:2:      layout_basic, minmay_misc_feat_nine_boxes, uniq_sigmund
D:3:      layout_loops_ring, lemuel_round_altar
D:4:      layout_rooms, serial_shops, nicolae_shop_just_a_little_nook,
          uniq_menkaure, uniq_blork_the_orc

Skill      XL: |  1  2  3 |
---------------+----------+-----
Axes           | 3 |  3.7
Fighting       | 4 |  4.1
Armour         | 4 |  4.2
Shields        | 4 |  4.1

Action                     || total
---------------------------++-------
  Melee: War axe           ||    68
         Headbutt          ||     7
    Use: Potion            ||     1
 Armour: Scale mail        ||    61
  Dodge: Dodged            ||    44
  Block: Buckler           ||    21
